 Dungeon Crawl Stone Soup version 0.29.1-15-g9cfb28693d (webtiles) character file.

Game seed: 3800277211488973626

289 shadizar the Trooper (level 6, -1/40 HPs)
             Began as a Gargoyle Fighter on Mar 17, 2023.
             Killed by divine providence
             ... invoked by an orc priest
              (14 damage)
             ... on level 4 of the Dungeon.
             The game lasted 00:05:26 (3067 turns).

shadizar the Trooper (Gargoyle Fighter)             Turns: 3067, Time: 00:05:26

Health: -1/40      AC: 11    Str: 22    XL:     6   Next: 31%
Magic:  6/6        EV:  9    Int:  8    God:
Gold:   165        SH:  4    Dex:  9    Spells: 5/5 levels left

rFire   . . .      SeeInvis .   a - +0 flail
rCold   . . .      Faith    .   c - +0 buckler
rNeg    + . .      Spirit   .   b - +0 scale mail
rPois   ∞          Reflect  .   (no helmet)
rElec   +          Harm     .   k - scarf {+Inv}
rCorr   .          Rampage  .   (no gloves)
Will    .....                   (no boots)
Stlth   ..........              (no amulet)
HPRegen 0.13/turn               (no ring)
MPRegen 0.10/turn               (no ring)

@: no status effects
A: sickness immunity, AC +4, negative energy resistance 1, electricity
resistance, torment resistance 1, petrification resistance
a: Evoke Invisibility


You were on level 4 of the Dungeon.
You visited 1 branch of the dungeon, and saw 4 of its levels.

You collected 165 gold pieces.

Inventory:

Hand Weapons
 a - a +0 flail (weapon)
 i - a +0 vampiric dagger
 n - the +9 sling of Enner {flame, Fly}
   (You found it on level 3 of the Dungeon)

   Any ammunition fired from it burns those it strikes, dealing additional fire
   damage.
   Fly:       It grants you flight.
 t - a +0 war axe
Missiles
 o - 21 stones (quivered)
Armour
 b - a +0 scale mail (worn)
 c - a +0 buckler (worn)
 k - a scarf of invisibility (worn)
Wands
 m - a wand of quicksilver (14)
Scrolls
 e - a scroll of vulnerability {unknown}
 f - a scroll of brand weapon {unknown}
 g - 5 scrolls of identify {unknown}
 h - 2 scrolls of immolation {unknown}
 q - 2 scrolls of fear {unknown}
 r - 2 scrolls of teleportation {unknown}
Potions
 d - a potion of might
 j - 2 potions of curing {unknown}
 l - 3 potions of lignification {unknown}
 p - a potion of mutation {unknown}
 s - a potion of ambrosia {unknown}


   Skills:
 * Level 5.0 Fighting
 + Level 3.1 Maces & Flails
 + Level 0.6 Ranged Weapons
 + Level 4.2 Armour
 + Level 1.6 Dodging
 + Level 4.3 Shields


You had 5 spell levels left.
You didn't know any spells.
Your spell library was empty.

Dungeon Overview and Level Annotations

Branches:
Dungeon (4/15)             Temple (0/1) D:4

Altars:

Annotations:
D:3 1 runed translucent door, protoss039's ghost, weakling DsEE


Innate Abilities, Weirdness & Mutations

You are immune to sickness and miasma.
Your stone body is resilient. (AC +4)
You are immune to poison.
You resist negative energy. (rN+)
You are resistant to electric shocks. (rElec)
You are resistant to unholy torment.
You are immune to petrification.


Message History

The magic dart hits you!
You hit the orc but do no damage. Something hits you but does no damage.
The orc closely misses you.
You hit the orc.
The orc is severely wounded.
Something hits you but does no damage. The orc hits you but does no damage.
You hear some strange, mumbled words.
A magic dart appears from out of thin air!
The magic dart hits you. You block the orc's attack.
You closely miss the orc.
The orc is severely wounded.
You block something's attack. The orc closely misses you.
You closely miss the orc.
The orc is severely wounded.
Something hits you but does no damage. The orc hits you but does no damage.
You closely miss the orc.
The orc is severely wounded.
Something hits you but does no damage.
You closely miss the orc.
The orc is severely wounded.
Something hits you but does no damage. You block the orc's attack.
An orc priest comes into view. It is wielding a +1 whip of pain.
You hit the orc.
The orc is almost dead.
Something hits you but does no damage. You block the orc's attack.
You barely miss the orc.
The orc is almost dead.
Something hits you. The orc hits you with a +0 hand axe. Something hits you.
The orc barely misses you. The orc barely misses you.
Something hits you but does no damage.
You hear some strange, mumbled words.
A puff of flame appears from out of thin air!
The puff of flame hits you! The orc attacks as you move away!
The orc closely misses you.
An orc wizard appears from thin air!
Reactivating autopickup.
The orc priest mumbles some strange prayers to Beogh against you.
Beogh smites you!
You die...

.....# #.........#######..
.....# #.........#....o...
.....# ##.........#........
.....######..........#)...o...
.........~~§.........#.###'#.
........~~§§~........oo.......
.##†...~~~§~~~....o.o#.#.#.###
.##..)#~~§>§§§....o..#.#.#
......#~~§~§~~..@.o..#.# #
......#.~~§~~.......##.#
......#..~§§........##.#
........................
.....######.#.......##.#
.....### #.#.......# .
.......# #.......# ..)).#..#
######### .........#


You could see 2 orc priests, an orc wizard and 3 orcs.

Vanquished Creatures
  A phantom (D:4)
  Natasha (thrice) (D:2)
  5 adders
  2 worms (D:2)
  3 dart slugs
  6 orcs
  9 ball pythons
  6 endoplasms
  5 giant cockroaches
  7 hobgoblins
  5 jackals
  3 quokkas
  3 bats
  2 frilled lizards (D:1)
  4 goblins
  7 kobolds
  5 rats
76 creatures vanquished.

Vanquished Creatures (others)
  A jackal (D:3)
  3 plants (D:2)
4 creatures vanquished.

Grand Total: 80 creatures vanquished

Notes
Turn   | Place    | Note
-------+----------+-------------------------------------------
     0 | D:1      | shadizar the Gargoyle Fighter began the quest for the Orb.
     0 | D:1      | Reached XP level 1. HP: 14/14 MP: 1/1
   365 | D:1      | Reached XP level 2. HP: 19/19 MP: 2/2
   772 | D:1      | Reached XP level 3. HP: 24/24 MP: 3/3
  1240 | D:2      | Reached skill level 4 in Fighting
  1329 | D:2      | Reached XP level 4. HP: 20/29 MP: 4/4
  1538 | D:2      | Reached skill level 1 in Dodging
  1837 | D:2      | Noticed Natasha
  1842 | D:2      | Killed Natasha
  1962 | D:2      | Noticed Natasha
  1971 | D:2      | Killed Natasha
  1972 | D:2      | Reached XP level 5. HP: 27/34 MP: 5/5
  2049 | D:2      | Found a faded altar of an unknown god.
  2088 | D:3      | Identified the +9 sling of Enner {flame, Fly}
  2146 | D:2      | Noticed Natasha
  2151 | D:2      | Killed Natasha
  2522 | D:3      | Found a runed translucent door.
  2762 | D:3      | Noticed protoss039's ghost (weakling DsEE)
  2783 | D:4      | Noticed a phantom
  2795 | D:4      | Killed a phantom
  2796 | D:4      | Reached skill level 5 in Fighting
  2796 | D:4      | Reached XP level 6. HP: 26/40 MP: 6/6
  3012 | D:4      | Found a staircase to the Ecumenical Temple.
  3067 | D:4      | Killed from afar by an orc priest

Illustrated notes

Levels and vault maps discovered:
D:1:      dpeg_arrival_shelter, layout_loops_cross
D:2:      layout_basic, chequers_ecumenical_altar_lobes,
          minmay_misc_feat_enclosed, uniq_natasha
D:3:      layout_rooms, ebering_ghost_reflecting_pool
D:4:      wander_river, layout_basic, minmay_temple_entry_mist,
          nicolae_shop_overcharged_wands

Skill      XL: |  1  2  3  4  5 |
---------------+----------------+-----
Fighting       | 4 5 |  5.0
Dodging        | 1 |  1.6
Shields        | 4 |  4.3
Armour         | 4 |  4.2
Maces & Flails | 3 |  3.1
Ranged Weapons | |  0.6

Action                   |  1- 3 |  4- 6 || total
-------------------------+-------+-------++-------
Melee: Flail             |   114 |   153 ||   267
 Fire: Sling             |       |     1 ||     1
  Use: Potion            |       |     1 ||     1
Armor: Scale mail        |    47 |   112 ||   159
Dodge: Dodged            |    52 |    77 ||   129
Block: Buckler           |    15 |    36 ||    51
